 Dungeon Crawl Stone Soup version 0.28.0-45-g0d030f2227 (webtiles) character file.

Game seed: 17431987868344128579

4007 bnorton916 the Conjurer (level 10, -7/67 (71) HPs)
             Began as a Barachi Ice Elementalist on Apr 3, 2022.
             Was a Follower of Cheibriados.
             Mangled by a wight
             ... wielding a +3 flail
              (8 damage)
             ... on level 7 of the Dungeon.
             The game lasted 00:21:34 (13292 turns).

bnorton916 the Conjurer (Barachi Ice Elementalist) Turns: 13292, Time: 00:21:34

HP:   -7/67 (71)    AC: 11    Str: 13    XL:     10   Next: 23%
MP:   9/20          EV: 16    Int: 27    God:    Cheibriados [*.....]
Gold: 405           SH:  0    Dex: 20    Spells: 11/22 levels left

rFire   + . .      SeeInvis .   z - +10 dagger of the Radish {protect, Fly rF+ Will+}
rCold   . . .      Faith    .   (no shield)
rNeg    . . .      Spirit   .   w - +0 leather armour
rPois   .          Reflect  .   (no helmet)
rElec   .          Harm     .   q - +0 cloak
rCorr   .          Rampage  .   (no gloves)
Will    +....                   (no boots)
Stlth   ++........              (no amulet)
HPRegen 0.21/turn               A - +6 ring of intelligence
MPRegen 0.17/turn               t - +6 ring of dexterity

@: ice-armoured, freezing walls, flying, drained, very slow
A: amphibious, slowness 1, strong legs 1, +LOS
a: Hop, Renounce Religion, Bend Time


You were on level 7 of the Dungeon.
You worshipped Cheibriados.
Cheibriados was aware of your devotion.
You visited 2 branches of the dungeon, and saw 9 of its levels.

You collected 405 gold pieces.

Inventory:

Hand Weapons
 h - a +3 dagger of venom
 u - the +5 rapier "Fuinwuwk" {drain, Will+}
   (You found it on level 5 of the Dungeon)

   A truly terrible weapon, it drains the life of any living foe it strikes.
   Will:      It increases your willpower.
 v - a +3 hand axe
 z - the +10 dagger of the Radish (weapon) {protect, Fly rF+ Will+}
   (You found it on level 6 of the Dungeon)

   It grants its wielder temporary protection when it strikes (+7 to AC).
   rF:        It protects you from fire.
   Fly:       It grants you flight.
   Will:      It increases your willpower.
Missiles
 a - 3 throwing nets
 b - 20 poisoned darts (quivered)
 i - 119 stones
Armour
 g - a +3 chain mail of cold resistance
 q - a +0 cloak (worn)
 w - a +0 leather armour (worn)
Jewellery
 l - a ring of positive energy
 m - a ring of resist corrosion
 t - a +6 ring of dexterity (right hand)
 A - a +6 ring of intelligence (left hand)
Wands
 c - a wand of polymorph (8)
Scrolls
 d - a scroll of teleportation
 f - a scroll of amnesia {unknown}
 k - 4 scrolls of fear
 o - 2 scrolls of identify
 y - a scroll of vulnerability {unknown}
Potions
 e - 5 potions of brilliance
 j - 2 potions of degeneration {unknown}
 n - a potion of might {unknown}
 p - 3 potions of curing
 r - a potion of cancellation {unknown}
 s - 2 potions of magic {unknown}
 x - 2 potions of mutation {unknown}


   Skills:
 + Level 3.9 Fighting
 - Level 1.7 Short Blades
 - Level 0.6 Throwing
 - Level 4.0 Armour
 - Level 7.0 Dodging
 - Level 1.7 Stealth
 + Level 6.7 Spellcasting
 - Level 7.0 Conjurations
 - Level 7.0 Fire Magic
 - Level 6.9 Ice Magic


You had 11 spell levels left.
You knew the following spells:

 Your Spells              Type           Power      Damage    Failure   Level
a - Freeze                Ice            100%       1d11      1%          1
b - Frozen Ramparts       Ice            92%        1d11      1%          3
c - Ozocubu's Armour      Ice            46%        N/A       1%          3
d - Sticky Flame          Conj/Fire      47%        2d6       4%          4

Your spell library contained the following spells:

 Spells                   Type           Power      Damage    Failure   Level
 Static Discharge         Conj/Air       28%        N/A       2%          2
 Hailstorm                Conj/Ice       46%        3d11      4%          4
 Dispel Undead            Necr           9%         3d8       58%         4


Dungeon Overview and Level Annotations

Branches:
Dungeon (8/15)             Temple (1/1) D:6
   Lair: D:8-11

Altars:
Ashenzari
Cheibriados
Dithmenos
Elyvilon
Gozag
Hepliaklqana
Makhleb
Okawaru
Qazlal
Ru
Sif Muna
Trog
Uskayaw
Vehumet
Wu Jian
Xom
Yredelemnul
Zin


Innate Abilities, Weirdness & Mutations

You are amphibious.
You cover ground slowly.
You can hop short distances.
You have an extended range of vision and can be seen from far away.


Message History

Here: a hellwing (moderately wounded)
Items here: )) [[.
The floor.
Unknown command.
Your icy armour and frozen ramparts will break if you move.
Continue?
Your icy armour cracks and falls away as you move.
The frozen ramparts melt away as you move.
The hellwing misses you. The hellwing hits you.
There is a stone staircase leading up, spattered with blood here.
The hellwing hits you. The hellwing completely misses you.
The wight hits you with a +4 scimitar!
You feel drained.
You fly upwards.
There is a stone staircase leading down here.
Unknown command.
Casting: Frozen Ramparts (safe; 1% risk of failure)
Confirm with . or Enter, or press ? or * to list all spells.
Casting: Frozen Ramparts (safe; 1% risk of failure)
Press: ? - help, Dir - look around, f - activate A stone staircase leading down.
The walls around you are covered in ice.
The wall freezes the hellwing.
The wight resists.
The wall freezes the wight.
The wight hits you with a +4 scimitar!
* * * LOW HITPOINT WARNING * * *
The wight resists.
The wall freezes the wight.
The wight hits you with a +3 flail.
* * * LOW HITPOINT WARNING * * *
You feel drained.
* * * LOW HITPOINT WARNING * * *
Casting: Frozen Ramparts (safe; 1% risk of failure)
Confirm with . or Enter, or press ? or * to list all spells.
A film of ice covers your body!
The wall freezes the hellwing!
The wight completely resists.
The wall freezes the wight but does no damage.
The wight hits you with a +4 scimitar!
* * * LOW HITPOINT WARNING * * *
The wight resists.
The wall freezes the wight.
The wight closely misses you.
The wall freezes the hellwing!
The wight resists.
The wall freezes the wight.
The wight closely misses you.
The wight resists.
The wall freezes the wight.
The wight hits you with a +3 flail!
You die...

.# #.# #########.#.#.##########
.# #.# #.#.#.#......... .#
#.####### #.#.#.#........# .#
#.......# #.#.#.#<..####.#
.###.......#######.#.#.#.######.#
.#...............................
.####......#####.###.#.########.#
............# #z###.............
............# #@z4......######.#
......#####.# ######.......###.#
#####.# #.# ##..(........ #.# ###
##......###.# #.# #.....### #.#
#.# #.....# #.# #.# #.....# #..
#.# ######...#.## #.. #.#
########...##...#..# #..


You could see a hellwing and 2 wights.

Vanquished Creatures
  Harold (D:7)
  A meliai zombie (D:8)
  Eustachio (D:4)
  Menkaure (D:7)
  5 ice beasts
  A sky beast (D:8)
  A black bear (D:6)
  7 ogres
  A hornet zombie (D:8)
  A necrophage (D:8)
  2 centaurs
  2 phantoms
  2 bullfrogs (D:6)
  A scorpion (D:6)
  A water moccasin skeleton (D:4)
  A wyvern skeleton (D:6)
  A wight (D:8)
  A howler monkey (D:7)
  A centaur zombie (D:7)
  2 hounds (D:5)
  5 jellies
  4 orc priests
  A gnoll shaman (D:7)
  Crazy Yiuf (D:4)
  Ijyb (D:3)
  2 iguanas
  5 orc wizards
  4 gnolls (D:7)
  A howler monkey zombie (D:8)
  7 adders
  2 white imps (D:7)
  An ufetubus (D:5)
  An adder zombie (D:5)
  An adder skeleton (D:4)
  A worm (D:3)
  5 dart slugs
  21 orcs
  6 bats
  15 endoplasms
  3 giant cockroaches (D:2)
  4 goblins
  7 hobgoblins
  17 kobolds
  4 quokkas
  2 ball pythons
  4 frilled lizards
  7 rats
166 creatures vanquished.

Vanquished Creatures (others)
  12 fungi (D:3)
  A plant (D:1)
  4 toadstools (D:3)
  A withered plant (D:8)
18 creatures vanquished.

Grand Total: 184 creatures vanquished

Notes
Turn   | Place    | Note
-------+----------+-------------------------------------------
     0 | D:1      | bnorton916 the Barachi Ice Elementalist began the quest for
                  | the Orb.
     0 | D:1      | Reached XP level 1. HP: 13/13 MP: 3/3
    20 | D:1      | Reached skill level 5 in Ice Magic
   309 | D:1      | Reached XP level 2. HP: 19/19 MP: 3/5
   352 | D:1      | Found a faded altar of an unknown god.
  1124 | D:1      | Reached XP level 3. HP: 8/24 MP: 2/6
  2014 | D:2      | Learned a level 3 spell: Frozen Ramparts
  2018 | D:2      | Learned a level 3 spell: Ozocubu's Armour
  2189 | D:2      | You fall into a shaft and drop 1 floor!
  2189 | D:3      | Noticed Ijyb
  2189 | D:3      | Noticed a phantom
  2189 | D:3      | Found a shadowy altar of Dithmenos.
  2206 | D:3      | Killed Ijyb
  2207 | D:3      | Reached XP level 4. HP: 21/30 MP: 5/9
  2219 | D:3      | Killed a phantom
  2220 | D:3      | Reached XP level 5. HP: 13/36 MP: 6/10
  2744 | D:3      | Reached skill level 1 in Fighting
  2757 | D:3      | Reached skill level 1 in Short Blades
  3629 | D:3      | Reached XP level 6. HP: 42/43 MP: 5/11
  4024 | D:3      | Learned a level 4 spell: Sticky Flame
  4352 | D:4      | Reached skill level 1 in Conjurations
  4352 | D:4      | Reached skill level 1 in Fire Magic
  4675 | D:4      | Reached XP level 7. HP: 48/48 MP: 6/13
  4858 | D:4      | Noticed Eustachio
  5800 | D:4      | Reached skill level 5 in Spellcasting
  5816 | D:4      | Killed Eustachio
  6234 | D:4      | Reached XP level 8. HP: 49/54 MP: 10/16
  6627 | D:4      | Found a runed translucent door.
  6628 | D:4      | Noticed Crazy Yiuf
  6635 | D:4      | Killed Crazy Yiuf
  7180 | D:5      | Entered Level 5 of the Dungeon
  7485 | D:5      | Found a white marble altar of Elyvilon.
  7493 | D:5      | Identified the +5 rapier "Fuinwuwk" {drain, Will+}
  7555 | D:5      | Found a sacrificial altar of Ru.
  8027 | D:5      | Reached skill level 5 in Conjurations
  8027 | D:5      | Reached skill level 5 in Fire Magic
  8146 | D:5      | Found a basalt altar of Yredelemnul.
  8628 | D:6      | Identified the +10 dagger of the Radish {protect, Fly rF+
                  | Will+}
  8728 | D:6      | Found a hazy altar of Hepliaklqana.
  8899 | D:6      | Reached XP level 9. HP: 59/59 MP: 11/17
  8969 | D:6      | Found a staircase to the Ecumenical Temple.
  8999 | Temple   | Entered the Ecumenical Temple
  9334 | Temple   | Became a worshipper of Cheibriados the Contemplative
  9796 | D:6      | Reached skill level 1 in Armour
 11336 | D:7      | Noticed Menkaure
 11347 | D:7      | Killed Menkaure
 11734 | D:7      | Found a broken altar of Ashenzari.
 11991 | D:7      | Noticed Harold
 12013 | D:7      | Killed Harold
 12014 | D:7      | Reached XP level 10. HP: 26/66 MP: 3/18
 12440 | D:7      | Found a hide-covered altar of Uskayaw.
 12780 | D:8      | Reached * piety under Cheibriados
 13291 | D:7      | HP: 1/67 [wight/+4 scimitar (12)]
 13292 | D:7      | Mangled by a wight

Illustrated notes

Levels and vault maps discovered:
D:1:      eino_arrival_druids_welcome, layout_loops_ring,
          chequers_ecumenical_altar_simple,
          wander_ebering_terrifying_dragon_lair
D:2:      layout_basic, st_stairs_12
D:3:      cheibrodos_fertilizer, layout_basic,
          nicolae_dithmenos_through_a_glass_darkly, grunt_ministairs_6,
          lemuel_another_geyser, uniq_ijyb
D:4:      layout_cave_pools, uniq_crazy_yiuf_cottage, uniq_eustachio
D:5:      layout_basic, kennysheep_ying_yang, nicolae_ru_awakened_eye
D:6:      layout_layer_cave, mainiacjoe_overflow_cross_hatched,
          minmay_temple_entry_glass, kennysheep_generic_room_14
D:7:      layout_basic, overflow_temple_1_default, nicolae_uskayaw_suspiria,
          uniq_harold, uniq_menkaure
D:8:      cheibrodos_grave_circle, layout_loops_cross, general_overflow_altar,
          gammafunk_ghost_arena, corexii_checkpoint_a,
          nicolae_transmutations_shop, minmay_guarded_unrand_variability
Temple:   jpeg_temple_clearing

Skill      XL: |  1  2  3  4  5  6  7  8  9 10 |
---------------+-------------------------------+-----
Ice Magic      | 5 6 |  6.9
Spellcasting   | 3 4 5 6 |  6.7
Fighting       | 1 3 |  3.9
Short Blades   | 1 |  1.7
Conjurations   | 2 3 6 7 |  7.0
Fire Magic     | 2 3 6 7 |  7.0
Armour         | 4 |  4.0
Dodging        | 7 |  7.0
Throwing       | |  0.6
Stealth        | |  1.7

Action                   |  1- 3 |  4- 6 |  7- 9 | 10-12 || total
-------------------------+-------+-------+-------+-------++-------
Melee: Unarmed           |     6 |       |       |       ||     6
       Dagger            |    30 |    66 |   123 |    26 ||   245
       Punch             |       |     1 |     2 |       ||     3
       Rapier            |       |       |    18 |       ||    18
Throw: Stone             |     3 |       |       |       ||     3
       Dart              |       |    17 |    32 |     1 ||    50
 Cast: Freeze            |    37 |       |       |       ||    37
       Frozen Ramparts   |     1 |    16 |    35 |     7 ||    59
       Ozocubu's Armour  |       |     2 |    21 |     5 ||    28
       Sticky Flame      |       |       |     7 |     4 ||    11
 Abil: Hop               |       |       |     3 |       ||     3
  Use: Scroll            |     3 |       |     3 |       ||     6
       Potion            |     3 |       |     1 |       ||     4
 Stab: Sleeping          |     1 |     2 |       |       ||     3
       Distracted        |       |     1 |       |       ||     1
Armor: Robe              |     6 |     4 |    35 |       ||    45
       Skin              |    36 |     7 |       |       ||    43
       Leather armour    |       |       |       |    17 ||    17
Dodge: Dodged            |    37 |    25 |   112 |    51 ||   225
